 Dungeon Crawl Stone Soup version 0.29.1-12-g30fa7ad0bf (webtiles) character file.

Game seed: 4509206660417327925

2340 cheesebisquit the Cleaver (level 9, -1/72 HPs)
             Began as a Minotaur Berserker on Dec 24, 2022.
             Was a Priest of Trog.
             Slain by a steam dragon (6 damage)
             ... on level 6 of the Dungeon on Dec 25, 2022.
             The game lasted 00:17:34 (7044 turns).

cheesebisquit the Cleaver (Minotaur Berserker)      Turns: 7044, Time: 00:17:35

Health: -1/72      AC: 14    Str: 32    XL:     9   Next: 20%
Magic:  8/8        EV:  4    Int:  4    God:    Trog [***...]
Gold:   264        SH:  9    Dex: 10    Spells: 8/8 levels left

rFire   . . .      SeeInvis .   a - +0 hand axe
rCold   . . .      Faith    .   o - +0 tower shield
rNeg    + . .      Spirit   .   G - +0 plate armour
rPois   .          Reflect  .   (helmet restricted)
rElec   .          Harm     .   (no cloak)
rCorr   .          Rampage  .   m - +1 pair of gloves
Will    .....                   r - +0 pair of boots
Stlth   ..........              l - amulet of magic regeneration
HPRegen 0.22/turn               z - +6 ring of strength
MPRegen 0.51/turn               A - ring of positive energy

@: no status effects
A: horns 2, retaliatory headbutt
a: Renounce Religion, Berserk, Trog's Hand


You were on level 6 of the Dungeon.
You worshipped Trog.
Trog was most pleased with you.
You visited 1 branch of the dungeon, and saw 6 of its levels.

You collected 362 gold pieces.
You spent 98 gold pieces at shops.

Inventory:

Hand Weapons
 a - a +0 hand axe (weapon)
 b - the +11 sling of Balance {flame, rElec rCorr}
   (You found it on level 3 of the Dungeon)

   Any ammunition fired from it burns those it strikes, dealing additional fire
   damage.
   rElec:     It insulates you from electricity.
   rCorr:     It protects you from acid and corrosion.
Missiles
 q - 23 stones
 y - 6 poisoned darts (quivered)
 D - 4 atropa-tipped darts
Armour
 e - a +0 leather armour
 m - a +1 pair of gloves (worn)
 o - a +0 tower shield (worn)
 r - a +0 pair of boots (worn)
 B - a +0 scale mail
 G - a +0 plate armour (worn)
Jewellery
 l - an amulet of magic regeneration (around neck)
 z - a +6 ring of strength (left hand)
 A - a ring of positive energy (right hand)
Wands
 n - a wand of digging (7)
 w - a wand of mindburst (22)
 E - a wand of flame (16)
Scrolls
 c - 7 scrolls of identify {unknown}
 d - 3 scrolls of butterflies {unknown}
 g - 2 scrolls of noise {unknown}
 t - a scroll of teleportation {unknown}
 u - a scroll of enchant armour {unknown}
 v - 2 scrolls of blinking {unknown}
 x - a scroll of vulnerability {unknown}
 F - a scroll of poison {unknown}
Potions
 f - 2 potions of heal wounds {unknown}
 h - 2 potions of mutation {unknown}
 i - 2 potions of resistance {unknown}
 j - a potion of lignification {unknown}
 k - a potion of attraction {unknown}
 p - a potion of haste {unknown}
 s - a potion of curing {unknown}
 C - a potion of might {unknown}


   Skills:
 - Level 4.3 Fighting
 + Level 14.3 Axes
 - Level 3.3 Armour
 - Level 3.0 Dodging


You had 8 spell levels left.
You didn't know any spells.
Your spell library was empty.

Dungeon Overview and Level Annotations

Branches:
Dungeon (6/15)             Temple (0/1) D:5

Altars:

Shops:
D:2 [


Innate Abilities, Weirdness & Mutations

You have a pair of horns on your head.
You reflexively headbutt those who attack you in melee.


Message History

You are engulfed in a cloud of scalding steam.
The steam dragon bites you but does no damage.
The steam dragon barely misses you.
You hit the steam dragon but do no damage.
Your headbutt misses the steam dragon.
The steam dragon is moderately wounded.
You are engulfed in a cloud of scalding steam.
You block the steam dragon's attack.
The steam dragon claws you but does no damage.
You closely miss the steam dragon. You headbutt the steam dragon.
The steam dragon is heavily wounded.
You are engulfed in a cloud of scalding steam.
The steam dragon bites you!
The steam dragon claws you but does no damage.
You hit the steam dragon but do no damage.
Your headbutt misses the steam dragon.
The steam dragon is heavily wounded.
You block the steam dragon's attack.
The steam dragon claws you but does no damage.
You closely miss the steam dragon.
The steam dragon is heavily wounded.
The steam dragon barely misses you. The steam dragon claws you.
You hit the steam dragon but do no damage.
Your headbutt misses the steam dragon.
The steam dragon is heavily wounded.
The steam dragon bites you but does no damage.
The steam dragon claws you but does no damage.
You barely miss the steam dragon.
The steam dragon is heavily wounded.
The steam dragon breathes steam at you. The ball of steam hits you!!
* * * LOW HITPOINT WARNING * * *
You hit the steam dragon.
The steam dragon is heavily wounded.
You are engulfed in a cloud of scalding steam.
The steam dragon bites you but does no damage.
The steam dragon claws you.
* * * LOW HITPOINT WARNING * * *
The steam dragon bites you.
You die...

..>......# #######.##
###...##### ##
#.........# #[
#.#...###.# #. #.##.## #.
#.##.# # #. #
#.##.####.#######.#### #.
####...........D@§§......
#.
........####.####§######
#. .....#### #.#
##.######## #. ###..)##
#.# #.......... #.
##.....## #.# #..########
#. #.....))## #.# #..# #.
.........###.# #..# #.
.............###..#
#.#####
.........##.......#
#......


You could see a steam dragon (catching breath).

Vanquished Creatures
  Grinder (D:3)
  2 steam dragons
  Menkaure (D:5)
  2 water moccasins (D:6)
  An orc warrior (D:6)
  A sky beast (D:6)
  2 ice beasts (D:5)
  3 black bears (D:6)
  3 centaurs (D:5)
  2 ogres (D:5)
  A phantom (D:4)
  A gnoll sergeant (D:5)
  A scorpion (D:6)
  A hound (D:5)
  Jessica (D:2)
  2 iguanas
  Robin (D:4)
  8 adders
  3 gnolls (D:5)
  A shadow imp (D:5)
  A white imp (D:6)
  An ufetubus (D:4)
  A worm (D:4)
  5 dart slugs
  6 orcs
  2 bats (D:1)
  7 endoplasms
  A giant cockroach (D:1)
  8 goblins
  12 hobgoblins
  4 jackals (D:2)
  2 quokkas (D:1)
  5 ball pythons
  3 kobolds
  7 rats
103 creatures vanquished.

Notes
Turn   | Place    | Note
-------+----------+-------------------------------------------
     0 | D:1      | cheesebisquit the Minotaur Berserker began the quest for
                  | the Orb.
     0 | D:1      | Reached XP level 1. HP: 19/19 MP: 0/0
   131 | D:1      | Reached XP level 2. HP: 25/27 MP: 1/1
   682 | D:1      | Reached skill level 4 in Axes
   981 | D:2      | Reached XP level 3. HP: 27/33 MP: 2/2
  1037 | D:2      | Found a faded altar of an unknown god.
  1080 | D:2      | Noticed Jessica
  1087 | D:2      | Killed Jessica
  1087 | D:2      | Reached ** piety under Trog
  1088 | D:2      | Reached XP level 4. HP: 35/41 MP: 3/3
  1497 | D:2      | Found Sooclet's Armour Shoppe.
  1506 | D:2      | Bought a +0 pair of gloves for 49 gold pieces
  1506 | D:2      | Bought a +0 tower shield for 49 gold pieces
  2200 | D:3      | Reached skill level 5 in Axes
  2319 | D:3      | Identified the +11 sling of Balance {flame, rElec rCorr}
  2641 | D:3      | Noticed Grinder
  2647 | D:3      | Killed Grinder
  2648 | D:3      | Reached skill level 7 in Axes
  2648 | D:3      | Reached XP level 5. HP: 47/47 MP: 4/4
  2648 | D:3      | Reached XP level 6. HP: 53/53 MP: 5/5
  2734 | D:4      | Noticed Robin
  2748 | D:4      | Killed Robin
  3207 | D:4      | Reached skill level 8 in Axes
  3886 | D:5      | Entered Level 5 of the Dungeon
  3899 | D:5      | Reached XP level 7. HP: 27/60 MP: 6/6
  4151 | D:5      | Reached skill level 9 in Axes
  4625 | D:5      | Reached skill level 10 in Axes
  4890 | D:5      | Noticed Menkaure
  4895 | D:5      | Killed Menkaure
  5129 | D:5      | Found a staircase to the Ecumenical Temple.
  5136 | D:5      | Reached skill level 11 in Axes
  5136 | D:5      | Reached XP level 8. HP: 54/67 MP: 7/7
  5511 | D:5      | Reached skill level 12 in Axes
  6190 | D:6      | Reached skill level 13 in Axes
  6607 | D:6      | Reached XP level 9. HP: 64/72 MP: 8/8
  6721 | D:6      | Reached skill level 14 in Axes
  6996 | D:6      | Reached *** piety under Trog
  7044 | D:6      | Slain by a steam dragon

Illustrated notes

Levels and vault maps discovered:
D:1:      psy_arrival_basics, layout_basic
D:2:      layout_basic, serial_shops, nicolae_shop_trees,
          hellmonk_ecumenical_altar_zigzags, uniq_jessica
D:3:      layout_basic, uniq_grinder
D:4:      layout_basic, uniq_robin
D:5:      layout_basic, minmay_temple_entry_fiery, grunt_ministairs_11,
          dk_rats_in_the_wall, uniq_menkaure
D:6:      layout_loops_ring

Skill      XL: |  1  2  3  4  5  6  7  8  9 |
---------------+----------------------------+-----
Axes           | 4 7 8 11 13 14 | 14.3
Fighting       | 4 |  4.3
Armour         | 3 |  3.3
Dodging        | 3 |  3.0

Action                   |  1- 3 |  4- 6 |  7- 9 || total
-------------------------+-------+-------+-------++-------
Melee: Hand axe          |    59 |   102 |   158 ||   319
       Headbutt          |     6 |    13 |    27 ||    46
       Punch             |     1 |       |       ||     1
Invok: Berserk           |       |     2 |     2 ||     4
       Trog's Hand       |       |     1 |     2 ||     3
Armor: Animal skin       |     4 |       |       ||     4
       Leather armour    |     7 |    29 |    47 ||    83
       Scale mail        |       |       |    59 ||    59
       Plate armour      |       |       |    11 ||    11
Dodge: Dodged            |    39 |    26 |    52 ||   117
Block: Tower shield      |       |    37 |    88 ||   125
